 Dungeon Crawl Stone Soup version 0.20-a0-882-gc7eb419 (webtiles) character file.

10492 AlphabetPasta the Covert (level 11, -6/81 HPs)
             Began as a Vampire Assassin on Mar 14, 2017.
             Was a Priest of Makhleb.
             Shot with an arrow by a centaur (13 damage)
             ... on level 11 of the Dungeon on Mar 15, 2017.
             The game lasted 01:17:19 (11824 turns).

AlphabetPasta the Covert (Vampire Assassin)        Turns: 11824, Time: 01:17:20

Health: -6/81      AC:  0    Str: 10    XL:     11   Next: 36%
Magic:  15/16      EV: 29    Int: 13    God:    Makhleb [***...]
Gold:   347        SH:  0    Dex: 25    Spells: 12/17 levels left

rFire    . . .     SeeInvis +   (weapon currently unavailable)
rCold    + + .     Gourm    .   (armour currently unavailable)
rNeg     + + +     Faith    .   (shield currently unavailable)
rPois    ∞         Spirit   .   (helmet currently unavailable)
rElec    .         Reflect  .   (cloak currently unavailable)
rCorr    .         Harm     .   (gloves currently unavailable)
MR       +....                  (boots currently unavailable)
Stlth    ++++++++..             (no amulet)
Regen    0.0/turn               (ring currently unavailable)
MPRegen  0.2/turn               (ring currently unavailable)

@: about to teleport, bat-form, flying, bloodless, non-regenerating, very quick
A: fangs 3, see invisible, (unbreathing)
a: End Transformation, Minor Destruction, Lesser Servant of Makhleb, Renounce
Religion


You were on level 11 of the Dungeon.
You worshipped Makhleb.
Makhleb was most pleased with you.
You were bloodless.
You were in vampire-bat-form.
You visited 2 branches of the dungeon, and saw 12 of its levels.

You collected 541 gold pieces.
You spent 194 gold pieces at shops.

Inventory:

Hand Weapons
 a - a +2 dagger
 b - a +1 blowgun
 c - the +4 rapier of the Trees (melded) {venom, Int+6}
   (You found it on level 11 of the Dungeon)

   It poisons the flesh of those it strikes.
   It affects your intelligence (+6).
Missiles
 e - 132 poisoned needles
 f - 2 curare-tipped needles
 z - 4 javelins
 O - a needle of sleeping
Armour
 d - a +0 cloak
 t - a +2 cloak of invisibility (melded)
 u - a +1 robe (melded)
 v - a +2 buckler (melded)
Jewellery
 i - an uncursed ring of stealth
 m - a ring of protection from magic (melded)
 s - an uncursed ring of magical power
 y - a ring of protection from cold (melded)
Wands
 A - a wand of flame (22/48)
 G - a wand of acid (0/15)
 I - a wand of confusion (4/48)
 J - a wand of lightning (0/15)
 L - a wand of enslavement (12/24)
Scrolls
 w - a scroll of identify
 B - a scroll of recharging
 C - 5 scrolls of remove curse
 K - a scroll of blinking {unknown}
 M - a scroll of enchant weapon
 P - a scroll of fog
Potions
 g - 46 potions of blood
 h - 3 potions of haste
 j - a potion of mutation {unknown}
 k - a potion of lignification {unknown}
 n - 2 potions of agility
 o - a potion of flight {unknown}
 p - 5 potions of curing
 q - a potion of resistance {unknown}
 r - a potion of berserk rage {unknown}
 x - 2 potions of might
 E - a potion of cancellation {unknown}
 H - a potion of ambrosia {unknown}
Books
 l - a book of Minor Magic

   Spells                             Type                      Level
   a - Magic Dart                     Conjuration                  1
   b - Blink                          Translocation                2
   c - Call Imp                       Summoning                    2
   d - Slow                           Hexes                        2
   e - Conjure Flame                  Conjuration/Fire             3
   f - Mephitic Cloud                 Conjuration/Poison/Air       3
 F - a book of Maledictions

   Spells                             Type                      Level
   a - Corona                         Hexes                        1
   b - Ensorcelled Hibernation        Hexes/Ice                    2
   c - Confuse                        Hexes                        3
   d - Tukima's Dance                 Hexes                        3
   e - Dazzling Spray                 Conjuration/Hexes            3
 Q - a book of Burglary

   Spells                             Type                      Level
   a - Swiftness                      Charms/Air                   2
   b - Passwall                       Transmutation/Earth          2
   c - Passage of Golubria            Translocation                4
   d - Lee's Rapid Deconstruction     Earth                        5
   e - Darkness                       Hexes                        6
   f - Invisibility                   Hexes                        6
Miscellaneous
 N - a lightning rod (4/4)


   Skills:
 + Level 5.7 Fighting
 * Level 9.7 Short Blades
 - Level 4.0 Throwing
 + Level 7.2 Dodging
 + Level 13.6 Stealth
 - Level 4.0 Shields
 + Level 3.5 Spellcasting
 * Level 3.2 Hexes
 - Level 2.1 Invocations
 + Level 4.9 Evocations


You had 12 spell levels left.
You knew the following spells:

 Your Spells              Type           Power        Failure   Level  Hunger
a - Ensorcelled Hibernat  Hex/Ice        #.....       21%         2    ##.....
b - Confuse               Hex            ##......     17%         3    ###....


Dungeon Overview and Level Annotations

Branches:
Dungeon (11/15)            Temple (1/1) D:6            Lair (0/6) D:10
    Orc (0/2) D:9

Altars:
Ashenzari
Cheibriados
Dithmenos
Elyvilon
Fedhas
Gozag
Hepliaklqana
Kikubaaqudgha
Makhleb
Nemelex Xobeh
Okawaru
Qazlal
Ru
Sif Muna
Trog
Uskayaw
Vehumet
Wu Jian
Xom
Yredelemnul
Zin
The Shining One

Shops:
D:4 [   D:5 *

Annotations:
D:6 exclusion: oklob plant


Innate Abilities, Weirdness & Mutations

You do not heal naturally.
You are immune to poison.
You have razor-sharp teeth.
You have supernaturally acute eyesight. (SInv)
((You can survive without breathing.))


Message History

Your +2 cloak of invisibility melds into your body.
Your +2 buckler melds into your body.
Your +1 robe melds into your body.
Your ring of protection from cold melds into your body.
Your ring of protection from magic melds into your body.
The +4 rapier of the Trees {venom, Int+6} stops dripping with poison.
The catoblepas breathes a plume of calcifying dust at you.
The blast of calcifying dust hits you!
* * * LOW HITPOINT WARNING * * *
The catoblepas roars fiercely, eyes lowered.
The catoblepas breathes a plume of calcifying dust at you.
The blast of calcifying dust hits you!
* * * LOW HITPOINT WARNING * * *
As you read the scroll of teleportation, it crumbles to dust.
You feel strangely unstable.
The centaur wields an uncursed shortbow.
The centaur shoots an arrow.
The arrow completely misses you.
The centaur shoots an arrow.
The arrow completely misses you.
Okay, then.
The centaur shoots an arrow.
The arrow hits you!
You die...

#............#....§.#####......
#.....÷......#...c..######.####
#............#.....§#..........
#............#.....§#..>.......
#............#....Y§#..........
#............#......#..........
#............#...(§.######'##..
###)########.#....§.# #.##..
#)# #.#b.....# #.#### #(#
#.######## #.# #.# #.# #.# #.#
#.# #.# #.# #.# #.# #.# #.# #.#
#.# #.# #.# #.# #.# #.# #.# #.#
#.#


You could see a catoblepas and a centaur.

Vanquished Creatures
  A hydra (D:11)
  An unseen horror (D:11)
  The ghost of Vi the Destroyer, a novice DEFE of Vehumet (D:7)
  A cyclops (D:11)
  A centaur zombie (D:10)
  Joseph (D:8)
  A troll (D:10)
  A shadow (D:8)
  3 hippogriffs
  Sigmund (D:3)
  A wyvern (D:11)
  A yak (D:10)
  A steam dragon (D:8)
  9 porcupines
  2 water moccasins
  4 orc warriors
  2 sky beasts
  A black bear (D:11)
  2 ogres
  2 necrophages
  A phantom (D:8)
  2 centaurs
  A crocodile (D:10)
  2 big kobolds
  11 bullfrogs
  5 scorpions
  12 killer bees
  4 howler monkeys (D:11)
  4 wights (D:11)
  2 crimson imps
  A bullfrog zombie (D:6)
  2 quasits
  9 hounds
  A jelly (D:7)
  6 orc priests
  A gnoll shaman (D:9)
  Crazy Yiuf (D:3)
  An iguana (D:8)
  2 bullfrog skeletons
  2 centaur skeletons
  12 orc wizards
  Natasha (thrice) (D:3)
  8 worker ants
  2 hound skeletons
  A mummy (D:9)
  2 howler monkey skeletons (D:6)
  7 gnolls
  16 adders
  5 shadow imps
  An adder skeleton (D:6)
  4 worms
  3 dart slugs
  8 leopard geckos
  37 orcs
  10 bats
  8 giant cockroaches
  12 goblins
  10 hobgoblins
  11 jackals
  4 quokkas
  A ball python (D:2)
  7 frilled lizards
  A jackal zombie (D:5)
  18 kobolds
  A leopard gecko skeleton (D:5)
  3 rats
302 creatures vanquished.

Vanquished Creatures (collateral kills)
  3 killer bees (D:9)
  An orc (D:10)
4 creatures vanquished.

Vanquished Creatures (others)
  3 killer bees (D:9)
  16 fungi (D:10)
  12 plants
31 creatures vanquished.

Grand Total: 337 creatures vanquished

Notes
Turn   | Place    | Note
-------+----------+-------------------------------------------
     0 | D:1      | AlphabetPasta the Vampire Assassin began the quest for the Orb.
     0 | D:1      | Reached XP level 1. HP: 16/16 MP: 1/1
    88 | D:1      | Reached skill level 6 in Stealth
    96 | D:1      | Reached XP level 2. HP: 18/22 MP: 2/2
   625 | D:1      | Reached XP level 3. HP: 25/27 MP: 3/3
  1074 | D:2      | Found a bloodstained altar of Trog.
  1077 | D:2      | Reached XP level 4. HP: 30/33 MP: 4/4
  1258 | D:2      | Found an ornate altar of the Wu Jian Council.
  1457 | D:2      | Reached skill level 7 in Stealth
  1610 | D:3      | Noticed Sigmund
  1617 | D:3      | Killed Sigmund
  1617 | D:3      | Reached XP level 5. HP: 39/39 MP: 5/5
  1626 | D:3      | Reached XP level 6. HP: 45/46 MP: 6/6
  1868 | D:3      | Noticed Natasha
  1870 | D:3      | Killed Natasha
  1870 | D:3      | Reached skill level 8 in Stealth
  1977 | D:3      | Noticed Natasha
  1992 | D:3      | Killed Natasha
  2317 | D:3      | Noticed Natasha
  2321 | D:3      | Killed Natasha
  2775 | D:3      | Found a runed door.
  2779 | D:3      | Noticed Crazy Yiuf
  2783 | D:3      | Killed Crazy Yiuf
  2973 | D:4      | Reached XP level 7. HP: 44/52 MP: 7/7
  3185 | D:4      | You fall through a shaft!
  3185 | D:5      | Entered Level 5 of the Dungeon
  3197 | D:5      | Reached skill level 9 in Stealth
  3197 | D:5      | Reached skill level 1 in Evocations
  3290 | D:4      | Reached skill level 5 in Short Blades
  3518 | D:4      | Found Zifeuta's Antique Armour Emporium.
  3524 | D:4      | Bought a glowing buckler for 172 gold pieces
  3989 | D:5      | Found Hoetota's General Store.
  3992 | D:5      | Bought a scroll of identify for 22 gold pieces
  4218 | D:5      | Found an iron altar of Okawaru.
  4634 | D:6      | Reached XP level 8. HP: 58/58 MP: 9/9
  4831 | D:6      | Reached skill level 10 in Stealth
  4834 | D:6      | Found a blossoming altar of Fedhas.
  4836 | D:6      | Noticed an oklob plant
  4876 | D:6      | Reached skill level 1 in Shields
  5002 | D:6      | Found a shadowy altar of Dithmenos.
  5081 | D:6      | Found a staircase to the Ecumenical Temple.
  5113 | Temple   | Entered the Ecumenical Temple
  5174 | Temple   | Became a worshipper of Makhleb the Destroyer
  5697 | D:7      | Found a sacrificial altar of Ru.
  5772 | D:7      | Noticed Vi's ghost (novice DEFE)
  5891 | D:7      | Killed Vi's ghost
  5891 | D:7      | Reached skill level 1 in Invocations
  5891 | D:7      | Reached XP level 9. HP: 29/65 MP: 7/10
  6069 | D:7      | Reached skill level 5 in Dodging
  6325 | D:6      | HP: 1/65 [hippogriff (4)]
  6331 | D:6      | Reached skill level 11 in Stealth
  6996 | D:8      | Noticed Joseph
  7020 | D:8      | Killed Joseph
  7414 | D:8      | Found a white marble altar of Elyvilon.
  7683 | D:8      | Found a hide-covered altar of Uskayaw.
  7686 | D:8      | Reached * piety under Makhleb
  8157 | D:7      | Reached skill level 1 in Spellcasting
  8189 | D:7      | Reached skill level 12 in Stealth
  8721 | D:9      | Reached XP level 10. HP: 73/73 MP: 12/12
  9103 | D:9      | Found a glowing silver altar of Zin.
  9265 | D:9      | Found an opulent altar of Gozag.
  9575 | D:9      | Found a snail-covered altar of Cheibriados.
  9725 | D:9      | Found a staircase to the Orcish Mines.
  9889 | D:10     | Entered Level 10 of the Dungeon
  9984 | D:10     | Found a staircase to the Lair.
 10021 | D:10     | Reached ** piety under Makhleb
 10092 | D:10     | HP: 2/73 [troll (12)]
 10296 | D:10     | Reached skill level 5 in Fighting
 10296 | D:10     | Reached skill level 13 in Stealth
 11004 | D:11     | Noticed an eight-headed hydra
 11032 | D:11     | Killed an eight-headed hydra
 11032 | D:11     | Reached XP level 11. HP: 73/80 MP: 13/15
 11107 | D:11     | Learned a level 2 spell: Ensorcelled Hibernation
 11111 | D:11     | Learned a level 3 spell: Confuse
 11152 | D:11     | Noticed an unseen horror
 11240 | D:11     | Reached *** piety under Makhleb
 11397 | D:11     | Got a scorched rapier
 11398 | D:11     | Identified the +4 rapier of the Trees {venom, Int+6} (You found it on level 11 of the Dungeon)
 11462 | D:11     | Upgraded the game from 0.20-a0-876-g2c7b0bf to 0.20-a0-882-gc7eb419
 11511 | D:11     | Reached skill level 1 in Hexes
 11541 | D:11     | Noticed a catoblepas
 11588 | D:11     | Killed an unseen horror
 11824 | D:11     | Shot with an arrow by a centaur

Vault maps used:
D:1:      minmay_arrival_four_circles
D:2:      lemuel_round_altar, overflow_temple_1_default
D:3:      kb_forest_paths, first_bread, uniq_sigmund, uniq_natasha,
          uniq_crazy_yiuf_cottage
D:4:      cheibrodos_quashed, serial_shops, shop, hangedman_decor_growths
D:5:      okawaru_gym_becter, serial_shops, shop,
          hangedman_abyss_or_decor_passed, grunt_ministairs_15, minivault_24,
          hangedman_decor_slide_cut
D:6:      marbit_many_paths, temple_fountains, serial_park_tiny_2,
          hangedman_abyss_or_decor_stabs, lemuel_oklob_altar
D:7:      lemuel_round_altar
D:8:      lemuel_coloured_pillars_altar, overflow_temple_1_default, uniq_joseph
D:9:      lemuel_crystal_altar, nicolae_gozag_cash_rules_everything_around_me,
          slow_altar_2, orc_0_dummy
D:10:     due_lair_maze_entry_diamond
D:11:     wad_woods_tower
Temple:   nicolae_temple_hex_pool

Skill      XL: |  1  2  3  4  5  6  7  8  9 10 11 |
---------------+----------------------------------+-----
Stealth        | 6 7 8 9 10 12 13 | 13.6
Fighting       | 2 3 4 5 |  5.7
Dodging        | 2 3 4 5 6 7 |  7.2
Short Blades   | 3 4 5 6 7 9 |  9.7
Throwing       | 2 3 4 |  4.0
Evocations     | 1 2 3 4 |  4.9
Shields        | 1 2 3 4 |  4.0
Invocations    | 1 2 |  2.1
Spellcasting   | 1 3 |  3.5
Hexes          | 3 |  3.2

Action                   |  1- 3 |  4- 6 |  7- 9 | 10-12 || total
-------------------------+-------+-------+-------+-------++-------
Melee: Dagger            |   103 |   137 |   443 |   431 ||  1114
       Bite              |    12 |    13 |    65 |    74 ||   164
       Rapier            |       |       |       |   106 ||   106
 Fire: Blowgun           |     8 |     6 |    25 |     4 ||    43
Throw: Throwing net      |       |       |     1 |       ||     1
       Javelin           |       |       |     7 |     5 ||    12
 Cast: Ensorcelled Hiber |       |       |       |     5 ||     5
 Abil: Evoke Invisibilit |       |       |     5 |     3 ||     8
       Bat Form          |       |       |       |     2 ||     2
       End Transformatio |       |       |       |     1 ||     1
Evoke: Wand              |       |       |     6 |    33 ||    39
  Use: Scroll            |     1 |     1 |    11 |     6 ||    19
       Potion            |       |       |    12 |     4 ||    16
 Stab: Sleeping          |     8 |    29 |    47 |    13 ||    97
       Distracted        |       |     1 |     2 |     7 ||    10
       Invisible         |       |       |    11 |    14 ||    25
       Confused          |       |       |     2 |    14 ||    16
Armor: Robe              |    18 |    16 |    50 |    46 ||   130
Dodge: Dodged            |    41 |    51 |   217 |   282 ||   591
Block: Buckler           |       |       |       |    89 ||    89
